 Dungeon Sprint DCSS version 0.29.1-2-gbd0b4ee654 (webtiles) character file.

Game seed: 17058934648308155408

1861 boopmooplesden the Bludgeoner (level 8, 0/133 HPs)
             Began as a Minotaur Berserker on Nov 25, 2022.
             Was an Elder of Trog.
             Slain by a demonic crawler (4 damage)
             ... in the Dungeon (Sprint I: "Red Sonja").
             The game lasted 00:01:15 (1133 turns).

boopmooplesden the Bludgeoner (Minotaur Berserker)  Turns: 1133, Time: 00:01:16

Health: 0/133      AC: 11    Str: 23    XL:     8   Next: 89%
Magic:  7/7        EV: 10    Int:  4    God:    Trog [****..]
Gold:   270        SH:  0    Dex: 11    Spells: 7/7 levels left

rFire   . . .      SeeInvis .   j - +4 club
rCold   . . .      Faith    .   (no shield)
rNeg    . . .      Spirit   .   k - +0 chain mail
rPois   .          Reflect  .   (helmet restricted)
rElec   .          Harm     .   (no cloak)
rCorr   .          Rampage  .   (no gloves)
Will    .....      NoTele   +   (no boots)
Stlth   ..........              (no amulet)
HPRegen 0.32/turn               (no ring)
MPRegen 0.10/turn               (no ring)

@: berserking (expiring), very quick
A: horns 2, retaliatory headbutt
a: Renounce Religion, Berserk, Trog's Hand, Brothers in Arms


You were in the Dungeon.
You worshipped Trog.
Trog was greatly pleased with you.
You visited 1 branch You collected 270 gold pieces.

Inventory:

Hand Weapons
 a - a +0 mace
 j - a +4 club (weapon)
Armour
 b - a +0 animal skin
 k - a +0 chain mail (worn)
Wands
 i - a wand of flame (9)
Scrolls
 h - a scroll of blinking
Potions
 c - a potion of curing
 d - a potion of heal wounds
 e - a potion of haste
 f - 2 potions of magic
 g - a potion of berserk rage
 l - a potion of cancellation {unknown}


   Skills:
 + Level 14.0 Fighting
 + Level 15.1 Maces & Flails
 + Level 10.6 Armour
 + Level 7.2 Dodging
 + Level 0.3 Stealth


You had 7 spell levels left.
You didn't know any spells.
Your spell library was empty.

Dungeon Overview and Level Annotations

Branches:
Dungeon (1/1)

Altars:
Makhleb
Xom
Jiyva
Lugonu


Innate Abilities, Weirdness & Mutations

You have a pair of horns on your head.
You reflexively headbutt those who attack you in melee.


Message History

You hit the demonic crawler.
The demonic crawler is heavily wounded.
The demonic crawler barely misses you. The demonic crawler hits you!
The demonic crawler barely misses you.
You sock the demonic crawler!
The demonic crawler is severely wounded.
The demonic crawler hits you! The demonic crawler barely misses you.
The demonic crawler hits you!
* * * LOW HITPOINT WARNING * * *
You thump the demonic crawler!
The demonic crawler is almost dead.
The demonic crawler completely misses you.
The demonic crawler barely misses you.
The demonic crawler hits you but does no damage.
You sock the demonic crawler!
You kill the demonic crawler!
Trog accepts your kill.
The demonic crawler hits you but does no damage.
The demonic crawler barely misses you.
The demonic crawler hits you but does no damage.
Your Fighting skill increases to level 14!
Your Maces & Flails skill increases to level 15!
You hit the demonic crawler but do no damage.
Your headbutt misses the demonic crawler.
You hit the demonic crawler but do no damage.
The demonic crawler hits you.
* * * LOW HITPOINT WARNING * * *
The demonic crawler hits you.
* * * LOW HITPOINT WARNING * * *
The demonic crawler closely misses you.
You sock the demonic crawler! You headbutt the demonic crawler.
The demonic crawler is lightly wounded.
The gargoyle hurls a stone arrow at you.
The stone arrow hits you!!
* * * LOW HITPOINT WARNING * * *
You completely miss the demonic crawler.
You headbutt the demonic crawler!
The demonic crawler is heavily wounded.
The demonic crawler hits you.
You die...

#################
#..'..#__#..')..#
').#..'..'..#).†##+#
#####+#__####...@9.#
# #### #####s.+ #
'## .○ .○° #○○° °°○#
°.##


You could see a demonic crawler and a gargoyle.

Vanquished Creatures
  3 demonic crawlers (D)
  2 kobold demonologists (D)
  A slime creature (D)
  Sigmund (D)
  A floating eye (D)
  An ogre (D)
  Ijyb (D)
10 creatures vanquished.

Notes
Turn   | Place    | Note
-------+----------+-------------------------------------------
     0 | D        | boopmooplesden the Minotaur Berserker began the quest for
                  | the Orb.
     0 | D        | Reached XP level 1. HP: 19/19 MP: 0/0
     2 | D        | Noticed Ijyb
     5 | D        | Killed Ijyb
     6 | D        | Reached skill level 5 in Fighting
     6 | D        | Reached skill level 5 in Maces & Flails
     6 | D        | Reached XP level 2. HP: 30/30 MP: 1/1
   157 | D        | Noticed an ogre
   161 | D        | Killed an ogre
   162 | D        | Reached skill level 7 in Maces & Flails
   162 | D        | Reached XP level 3. HP: 38/40 MP: 2/2
   162 | D        | Reached XP level 4. HP: 46/48 MP: 3/3
   258 | D        | Noticed Sigmund
   274 | D        | Killed Sigmund
   274 | D        | Reached ** piety under Trog
   275 | D        | Reached skill level 10 in Maces & Flails
   275 | D        | Reached skill level 5 in Armour
   275 | D        | Reached XP level 5. HP: 29/58 MP: 4/4
   275 | D        | Reached XP level 6. HP: 33/66 MP: 5/5
   539 | D        | Found a burning altar of Makhleb.
   539 | D        | Found a viscous altar of Jiyva.
   539 | D        | Found a shimmering altar of Xom.
   539 | D        | Found a corrupted altar of Lugonu.
   539 | D        | Noticed a slime creature
   553 | D        | Killed a slime creature
   554 | D        | Reached skill level 11 in Maces & Flails
   554 | D        | Reached skill level 5 in Dodging
   821 | D        | Noticed a kobold demonologist
   822 | D        | Noticed a floating eye
   822 | D        | Noticed a kobold demonologist
   824 | D        | Killed a floating eye
   825 | D        | Reached skill level 12 in Maces & Flails
   825 | D        | Reached XP level 7. HP: 74/74 MP: 6/6
   834 | D        | Killed a kobold demonologist
   834 | D        | Reached *** piety under Trog
   835 | D        | Reached skill level 13 in Maces & Flails
   842 | D        | Killed a kobold demonologist
   843 | D        | Reached XP level 8. HP: 81/85 MP: 7/7
  1110 | D        | Noticed a demonic crawler
  1110 | D        | Noticed a demonic crawler
  1110 | D        | Noticed a demonic crawler
  1110 | D        | Noticed a demonic crawler
  1120 | D        | Killed a demonic crawler
  1120 | D        | Noticed a gargoyle
  1121 | D        | Reached skill level 14 in Maces & Flails
  1122 | D        | Killed a demonic crawler
  1122 | D        | Reached **** piety under Trog
  1123 | D        | Reached skill level 10 in Armour
  1129 | D        | Killed a demonic crawler
  1130 | D        | Reached skill level 15 in Maces & Flails
  1132 | D        | HP: 4/133 [gargoyle/stone arrow (26)]
  1133 | D        | Slain by a demonic crawler

Illustrated notes

Levels and vault maps discovered:
D:        dungeon_sprint_1 [red_sonja_temple_1, red_sonja_temple_small_1]

Skill      XL: |  1  2  3  4  5  6  7  8 |
---------------+-------------------------+-----
Fighting       | 5 7 9 11 12 14 | 14.0
Maces & Flails | 5 7 10 12 13 15 | 15.1
Armour         | 3 4 5 7 8 10 | 10.6
Dodging        | 3 4 5 6 7 |  7.2
Stealth        | |  0.3

Action                   |  1- 3 |  4- 6 |  7- 9 || total
-------------------------+-------+-------+-------++-------
Melee: Mace              |     2 |       |       ||     2
       Club              |     2 |    30 |    39 ||    71
       Headbutt          |     1 |     5 |    12 ||    18
Invok: Berserk           |     2 |       |     1 ||     3
Armor: Chain mail        |       |     4 |    26 ||    30
Dodge: Dodged            |     2 |     8 |    33 ||    43
